 Dungeon Crawl Stone Soup version 0.30-a0-802-gb92711bcdf (webtiles) character file.

Game seed: 3726080714684420340

117 cforsyth the Sneak (level 5, -1/32 HPs)
             Began as a Kobold Brigand on Feb 24, 2023.
             Killed from afar by Sigmund (7 damage)
             ... with a puff of flame
             ... on level 2 of the Dungeon.
             The game lasted 00:02:52 (1729 turns).

cforsyth the Sneak (Kobold Brigand)                 Turns: 1729, Time: 00:02:53

Health: -1/32      AC:  5    Str: 13 (15) XL:     5   Next: 22%
Magic:  5/5        EV: 14    Int: 11 (12) God:
Gold:   91         SH:  0    Dex: 16 (18) Spells: 4/4 levels left

rFire   . . .      SeeInvis .    a - +2 dagger
rCold   . . .      Faith    .    (no shield)
rNeg    . . .      Spirit   .    r - +0 leather armour
rPois   .          Reflect  .    (no helmet)
rElec   .          Harm     .    c - +0 cloak
rCorr   .          Rampage  .    (no gloves)
Will    .....                    k - +0 pair of boots
Stlth   ++++                     (no amulet)
HPRegen 0.25/turn                s - +6 ring of strength
MPRegen 0.09/turn                (no ring)

@: no status effects
A: small, no large weapons, nightstalker 3
a: no special abilities


You were on level 2 of the Dungeon.
You visited 1 branch of the dungeon, and saw 3 of its levels.

You collected 91 gold pieces.

Inventory:

Hand Weapons
 a - a +2 dagger (weapon)
Missiles
 d - 9 poisoned darts (quivered)
 e - 3 curare-tipped darts
Armour
 b - a +0 robe
 c - a +0 cloak (worn)
 k - a +0 pair of boots (worn)
 r - a +0 leather armour (worn)
Jewellery
 s - a +6 ring of strength (left hand)
Scrolls
 f - a scroll of magic mapping {unknown}
 i - 2 scrolls of identify {unknown}
 j - a scroll of blinking {unknown}
 l - a scroll of fog {unknown}
 n - a scroll of teleportation {unknown}
 o - a scroll of acquirement {unknown}
 p - 2 scrolls of enchant weapon {unknown}
Potions
 g - a potion of brilliance {unknown}
 h - a potion of curing
 q - a potion of heal wounds {unknown}
 t - a potion of attraction {unknown}
 u - a potion of magic {unknown}


   Skills:
 + Level 3.2 Fighting
 + Level 4.2 Short Blades
 - Level 2.1 Throwing
 + Level 2.8 Dodging
 + Level 6.2 Stealth


You had 4 spell levels left.
You didn't know any spells.
Your spell library contained the following spells:

 Spells                   Type           Power      Damage    Failure   Level
 Lesser Beckoning         Tloc           0%         N/A       56%         2
 Gell's Gravitas          Tloc           0%         N/A       80%         3
 Teleport Other           Tloc           0%         N/A       80%         3


Dungeon Overview and Level Annotations

Branches:
Dungeon (3/15)

Altars:

Annotations:
D:2 Sigmund


Innate Abilities, Weirdness & Mutations

You are small and have problems with some larger weapons.
You are completely attuned to the shadows.


Message History

No target in view!
No target in view!
No target in view!
You see here a +0 pair of boots.
k - a +0 pair of boots You start putting on your armour.
You continue putting on your +0 pair of boots. x4
You finish putting on your +0 pair of boots.
u - a puce potion Sigmund the Dreaded comes into view.
He is wielding a +0 scythe, wearing a +2 robe of positive energy and carrying a wand of flame (15).
Found a pair of boots.
Sigmund is nearby!
Found 5 stones.
Found 6 poisoned darts.
Sigmund closely misses you.
You hit Sigmund but do no damage. Sigmund misses you.
You hit Sigmund.
Sigmund is lightly wounded.
You hit Sigmund but do no damage.
Sigmund is lightly wounded.
Sigmund hits you with a +0 scythe!
You closely miss Sigmund.
Sigmund is lightly wounded.
You barely miss Sigmund.
Sigmund is lightly wounded.
Sigmund misses you.
You completely miss Sigmund.
Sigmund is lightly wounded.
Sigmund zaps a wand.
The puff of flame hits you. Sigmund gestures at you while chanting.
The puff of flame hits you!
* * * LOW HITPOINT WARNING * * *
Sigmund says, "Look into my eyes."
Sigmund zaps a wand.
The puff of flame hits you.
* * * LOW HITPOINT WARNING * * *
It was a potion of degeneration.
There was something very wrong with that liquid.
You feel weakened.
You feel dopey.
You feel clumsy. Sigmund casts a spell at you. The puff of flame hits you!
You die...

###### ######## #.....#
.......###.....#
...............#
#########
.......###.....###
#.....†.#
(......@...@......
........#
.......#####.#####
#.....<.# ...[...# #.#
#.......# ......(# #.#
####.#### ...... #.#
#.# #.#. #.# #.####
#....
##.##########.....
#..###.................
.#
##..###.###########....


You could see Sigmund.

Vanquished Creatures
  Terence (D:2)
  Robin (D:3)
  An adder (D:2)
  2 worms (D:2)
  7 ball pythons
  6 endoplasms
  2 giant cockroaches (D:1)
  12 goblins
  8 hobgoblins
  6 jackals
  2 quokkas
  3 bats (D:1)
  A frilled lizard (D:1)
  4 kobolds
  3 rats
59 creatures vanquished.

Notes
Turn   | Place    | Note
-------+----------+-------------------------------------------
     0 | D:1      | cforsyth the Kobold Brigand began the quest for the Orb.
     0 | D:1      | Reached XP level 1. HP: 12/12 MP: 1/1
   127 | D:1      | Reached XP level 2. HP: 18/18 MP: 2/2
   343 | D:1      | Reached XP level 3. HP: 22/22 MP: 3/3
   937 | D:2      | Noticed Robin
   963 | D:3      | Reached XP level 4. HP: 6/27 MP: 4/4
  1394 | D:3      | Killed Robin
  1415 | D:2      | Reached skill level 6 in Stealth
  1478 | D:2      | Found a faded altar of an unknown god.
  1478 | D:2      | Noticed Terence
  1511 | D:2      | Killed Terence
  1512 | D:2      | Reached XP level 5. HP: 4/32 MP: 5/5
  1712 | D:2      | Noticed Sigmund
  1729 | D:2      | Killed from afar by Sigmund

Illustrated notes

Levels and vault maps discovered:
D:1:      lemuel_arrival_hallway, layout_basic, minmay_tetromino_t4
D:2:      layout_rooms, nicolae_ecumenical_snake_handling, uniq_sigmund,
          uniq_robin, uniq_terence
D:3:      layout_basic, lightli_temple_of_fire, mainiacjoe_overflow_chevrons

Skill      XL: |  1  2  3  4 |
---------------+-------------+-----
Short Blades   | 3 4 |  4.2
Dodging        | 2 |  2.8
Fighting       | 3 |  3.2
Stealth        | 6 |  6.2
Throwing       | |  2.1

Action                     |  1- 3 |  4- 6 || total
---------------------------+-------+-------++-------
  Melee: Dagger            |    88 |    88 ||   176
         Punch             |       |     1 ||     1
    Use: Potion            |       |     4 ||     4
   Stab: Sleeping          |    17 |     3 ||    20
         Distracted        |     1 |     1 ||     2
 Armour: Robe              |    11 |       ||    11
         Leather armour    |    13 |    18 ||    31
  Dodge: Dodged            |    68 |    73 ||   141

Table legend: (Time is in decaauts)
 A = Elapsed time spent in this place.
 B = Non-inter-level travel time spent in this place.
 C = Inter-level travel time spent in this place.
 D = Time resting spent in this place.
 E = Time spent auto-exploring this place.
 F = Levels seen in this place.
 G = Mean time per level.
                   A        B        C        D        E       F      G
               +--------+--------+--------+--------+--------+-----+--------+
         Total |   1715 |   1646 |     69 |    481 |    780 |   3 |  571.7 |
       Dungeon |   1715 |   1646 |     69 |    481 |    780 |   3 |  571.7 |
               +--------+--------+--------+--------+--------+-----+--------+

Top non-repeatable levels by time:
     D:1: 847 daAuts
     D:3: 443 daAuts
     D:2: 424 daAuts
